 Dungeon Crawl Stone Soup version 0.30-a0-166-g5d06c95188 (webtiles) character file.

Game seed: 15485739065174789946

316 qw the Chopper (level 6, -12/37 HPs)
             Began as a Gargoyle Fighter on Sept 28, 2022.
             Mangled by an ogre
             ... wielding a +0 giant club
              (14 damage)
             ... on level 3 of the Dungeon.
             The game lasted 00:00:49 (1340 turns).

qw the Chopper (Gargoyle Fighter)                   Turns: 1340, Time: 00:00:49

Health: -12/37     AC: 21    Str: 22    XL:     6   Next: 44%
Magic:  6/6        EV:  7    Int: 11    God:
Gold:   145        SH:  4    Dex:  9    Spells: 5/5 levels left

rFire   + + +      SeeInvis .    a - +3 broad axe of Des Giwa {protect, rF+++ Int+3 Stlth-}
rCold   . . .      Faith    .    c - +0 buckler
rNeg    + . .      Spirit   .    h - +0 chain mail
rPois   inf        Reflect  .    (no helmet)
rElec   +          Harm     .    (no cloak)
rCorr   .          Rampage  .    g - +0 pair of gloves
Will    .....                    (no boots)
Stlth   ..........               (no amulet)
HPRegen 0.12/turn                (no ring)
MPRegen 0.10/turn                (no ring)

@: under a protective aura
A: sickness immunity, AC +4, negative energy resistance 1, electricity
resistance, torment resistance 1, petrification resistance
a: no special abilities


You were on level 3 of the Dungeon.
You visited 1 branch of the dungeon, and saw 3 of its levels.

You collected 145 gold pieces.


Innate Abilities, Weirdness & Mutations

You are immune to sickness and miasma.
Your stone body is resilient. (AC +4)
You are immune to poison.
You resist negative energy. (rN+)
You are resistant to electric shocks. (rElec)
You are resistant to unholy torment.
You are immune to petrification.


   Skills:
 + Level 3.2 Fighting
 - Level 6.0 Axes
 - Level 3.2 Armour
 - Level 3.2 Shields


You had 5 spell levels left.
You didn't know any spells.
Your spell library was empty.

Inventory:

Hand Weapons
 a - the +3 broad axe of Des Giwa (weapon) {protect, rF+++ Int+3 Stlth-}
   (You acquired it on level 1 of the Dungeon)

   It grants its wielder temporary protection when it strikes (+7 to AC).
   Int:       It affects your intelligence (+3).
   rF:        It renders you almost immune to fire.
   Stlth:     It makes you less stealthy.
 f - a +0 flail
Missiles
 b - 3 boomerangs (quivered)
Armour
 c - a +0 buckler (worn)
 g - a +0 pair of gloves (worn)
 h - a +0 chain mail (worn)
Potions
 d - 2 potions of might
 e - a potion of lignification {unknown}
 i - a potion of magic {unknown}
 k - a potion of haste
 m - a potion of flight {unknown}
 n - a potion of attraction

Dungeon Overview and Level Annotations

Branches:
Dungeon (3/15)

Altars:


Message History

Sigmund moves out of view.
Throw: 3 boomerangs
Press: ? - help, Q - select action Shift-Dir - straight line, f - goblin You throw a boomerang.
The boomerang hits the goblin.
You kill the goblin!
1328 ||| Stepping ~*~*~tactically~*~*~ (hiding).
You start waiting.
Sigmund is nearby!
An ogre comes into view. It is wielding a +0 giant club.
Found 9 gold pieces.
The ogre shouts!
Sigmund hits you but does no damage.
You slash Sigmund!
Your weapon exudes an aura of protection.
Sigmund is heavily wounded.
Sigmund hits you but does no damage.
You slash Sigmund!
You kill Sigmund!
You hit the ogre. The ogre hits you with a +0 giant club!
Your Axes skill gained 2 levels and is now at level 6!
You have reached level 6!
You barely miss the ogre.
The ogre is moderately wounded.
The ogre barely misses you.
You slash the ogre!
The ogre is heavily wounded.
The ogre hits you with a +0 giant club!
You completely miss the ogre.
The ogre is heavily wounded.
You block the ogre's attack.
You barely miss the ogre.
The ogre is heavily wounded.
You hit the ogre.
The ogre is heavily wounded.
The ogre hits you with a +0 giant club!
You closely miss the ogre.
The ogre is heavily wounded.
The ogre hits you with a +0 giant club!
You die...

##.......$.#
.......)...#
#..........#
#..........####
#............#
#............#
#....O)......#
############@......#
#..................#
#..................#
#<.................#
#..................#
####......<...........#
#....................(#
##.....................#
....%..................#


You could see an ogre.

Vanquished Creatures
  Sigmund (D:3)
  3 orc wizards
  A worm (D:2)
  7 orcs
  6 endoplasms
  3 giant cockroaches
  2 goblins (D:3)
  5 hobgoblins
  3 jackals (D:1)
  3 quokkas
  4 ball pythons
  5 bats
  3 frilled lizards
  6 kobolds
  9 rats
61 creatures vanquished.

Notes
Turn   | Place    | Note
-------+----------+-------------------------------------------
     0 | D:1      | qw the Gargoyle Fighter began the quest for the Orb.
     0 | D:1      | Reached XP level 1. HP: 14/14 MP: 1/1
     0 | D:1      | 0 ||| qw: Version: 0.2-a-12-gaebbb33
     0 | D:1      | 0 ||| qw: Game counter: 935
     0 | D:1      | 0 ||| qw: Always use a shield: true
     0 | D:1      | 0 ||| qw: God list: Okawaru
     0 | D:1      | 0 ||| qw: Allow faded altars: false
     0 | D:1      | 0 ||| qw: Do Orc after D:15 true
     0 | D:1      | 0 ||| qw: Do second Lair branch before Depths: true
     0 | D:1      | 0 ||| qw: Lair rune preference: random
     0 | D:1      | 0 ||| qw: Plans: Normal, Zot:1-4, God:TSO, Crypt, Tomb,
                  | Pan, Slime:5, Hells, Abyss, Orb
     0 | D:1      | 0 ||| PLANNING D:1-11
    31 | D:1      | Reached skill level 2 in Axes
    86 | D:1      | Reached XP level 2. HP: 17/19 MP: 2/2
   453 | D:1      | Reached skill level 3 in Axes
   471 | D:1      | Reached XP level 3. HP: 23/23 MP: 3/3
   520 | D:1      | 520 ||| UPGRADING to +0 chain mail.
   530 | D:1      | 530 ||| DROPPING +0 scale mail.
   531 | D:1      | 531 ||| READING scroll labelled DEMIM ZYNATUL.
   532 | D:1      | 532 ||| READING scroll labelled GIUMOB ECIVI.
   532 | D:1      | Identified a scroll of acquirement
   532 | D:1      | 532 ||| ACQUIRING +3 broad axe of Des Giwa {protect, rF+++
                  | Int+3 Stlth-}
   532 | D:1      | Acquired the +3 broad axe of Des Giwa {protect, rF+++ Int+3
                  | Stlth-}
   534 | D:1      | 534 ||| SWAPPING to +3 broad axe of Des Giwa {protect,
                  | rF+++ Int+3 Stlth-}.
   535 | D:1      | 535 ||| DROPPING +0 war axe.
   536 | D:1      | 536 ||| READING scroll labelled BITUYDOOME.
   537 | D:1      | 537 ||| DRINKING 2 clear potions.
   931 | D:2      | Found a faded altar of an unknown god.
  1114 | D:2      | 1114 ||| UPGRADING to +0 pair of gloves.
  1119 | D:2      | 1119 ||| READING scroll labelled QUFIJU NEOSH.
  1123 | D:2      | 1123 ||| READING scroll labelled HANLUM FIHITY.
  1124 | D:2      | 1124 ||| READING 2 scrolls labelled LYNERO ENLUYN.
  1125 | D:2      | 1125 ||| READING scroll labelled MUHYGE IPP.
  1126 | D:2      | 1126 ||| DRINKING 2 fuming purple potions.
  1127 | D:2      | 1127 ||| DROPPING scroll of blinking.
  1145 | D:3      | 1145 ||| STAIRDANCE
  1148 | D:2      | Reached XP level 4. HP: 25/28 MP: 4/4
  1149 | D:2      | Reached skill level 4 in Axes
  1181 | D:3      | 1181 ||| STAIRDANCE
  1206 | D:3      | 1206 ||| DROPPING +0 whip.
  1254 | D:3      | Reached XP level 5. HP: 32/32 MP: 5/5
  1326 | D:3      | Noticed Sigmund
  1328 | D:3      | 1328 ||| Stepping ~*~*~tactically~*~*~ (hiding).
  1332 | D:3      | Noticed an ogre
  1334 | D:3      | Killed Sigmund
  1335 | D:3      | Reached skill level 6 in Axes
  1335 | D:3      | Reached XP level 6. HP: 22/37 MP: 6/6
  1339 | D:3      | HP: 2/37 [ogre/+0 giant club (9)]
  1340 | D:3      | Mangled by an ogre

Levels and vault maps discovered:
D:1:      minmay_arrival_plants_in_alcoves, layout_rooms
D:2:      layout_rooms, nicolae_ecumenical_oubliette, kennysheep_big_empty_room,
          minmay_cut_off
D:3:      layout_basic, mainiacjoe_overflow_alcove_4, uniq_sigmund

Skill      XL: |  1  2  3  4  5 |
---------------+----------------+-----
Axes           | 2 3 4 6 |  6.0
Fighting       | |  3.2
Armour         | |  3.2
Shields        | |  3.2

Action                   |  1- 3 |  4- 6 || total
-------------------------+-------+-------++-------
Melee: War axe           |    60 |       ||    60
       Broad axe         |    31 |    43 ||    74
Throw: Boomerang         |       |    18 ||    18
  Use: Scroll            |     7 |       ||     7
       Potion            |     2 |       ||     2
Armor: Scale mail        |    30 |       ||    30
       Chain mail        |    14 |    37 ||    51
Dodge: Dodged            |    28 |    14 ||    42
Block: Buckler           |    13 |     5 ||    18

Table legend:
 A = Non-vault XP
 B = Vault XP
 C = Vault XP percentage of total XP
 D = Non-vault monster count
 E = Vault monster count
 F = Vault count percentage of total count
                 A         B        C        D         E       F
            +---------+---------+-------+---------+---------+-------
      Total |     208 |     244 |  54.0 |      59 |       2 |   3.3
            +---------+---------+-------+---------+---------+-------
        D:1 |      35 |       0 |   0.0 |      24 |       0 |   0.0
        D:2 |      72 |       1 |   1.4 |      19 |       1 |   5.0
        D:3 |     101 |     243 |  70.6 |      16 |       1 |   5.9
            +---------+---------+-------+---------+---------+-------
